 Dungeon Crawl Stone Soup version 0.15.2 (webtiles) character file.

42 Huymann the Magician (level 3, 0/21 HPs)
             Began as a High Elf Wizard on Feb 23, 2015.
             Was an Initiate of Vehumet.
             Succumbed to an adder's poison
             ... on Level 2 of the Dungeon.
             The game lasted 00:10:18 (1864 turns).

Huymann the Magician (High Elf Wizard)              Turns: 1864, Time: 00:10:19

HP   0/21        AC  2     Str  7      XL: 3   Next: 35%
MP   2/11        EV 12     Int 21      God: Vehumet [......]
Gold 51          SH  0     Dex 14      Spells:  5 memorised,  0 levels left

rFire  + . .     SeeInvis .     (no weapon)
rCold  + . .     Clarity  .     a - +0 robe
rNeg   . . .     rCorr    +     (no shield)
rPois  +         rRot     .     b - +0 hat
rElec  +         Spirit   .     (no cloak)
SustAb .         Warding  .     (no gloves)
rMut   .         Stasis   .     (no boots)
Gourm  .                        (no amulet)
MR     .....                    (no ring)
                                (no ring)

@: lethally poisoned, resistant, very slightly contaminated, invisible, not
resistant to hostile enchantments, unstealthy
A: no striking features
a: Renounce Religion


You were on level 2 of the Dungeon.
You worshipped Vehumet.
Vehumet was noncommittal.
You were not hungry.

You visited 1 branch of the dungeon, and saw 2 of its levels.

You collected 51 gold pieces.

Inventory:

Missiles
 i - 38 arrows
Armour
 a - a +0 robe (worn)
 b - a +0 hat (worn)
 e - a +0 hat
Comestibles
 d - a bread ration
 m - a meat ration
 p - a chunk of rat flesh
 r - a chunk of jackal flesh
 t - a royal jelly
Scrolls
 f - a scroll of noise {unknown}
 g - a scroll of teleportation {unknown}
 j - a scroll of enchant armour {unknown}
 k - 3 scrolls of blinking {unknown}
 n - a scroll of recharging {unknown}
 s - a scroll of amnesia {unknown}
 u - a scroll of identify {unknown}
Books
 c - a book of Minor Magic

   Spells                             Type                      Level
   *Magic Dart                        Conjuration                  1
   *Blink                             Translocation                2
   *Call Imp                          Summoning                    2
   Repel Missiles                     Charms/Air                   2
   Slow                               Hexes                        2
   *Conjure Flame                     Conjuration/Fire             3
   *Mephitic Cloud                    Conjuration/Poison/Air       3


   Skills:
 + Level 2.2 Dodging
 * Level 2.7 Stealth
 + Level 4.6 Spellcasting
 * Level 1.7 Conjurations
 + Level 0.8 Summonings
 + Level 1.1 Translocations


You couldn't memorise any spells.
You knew the following spells:

 Your Spells              Type           Power        Failure   Level  Hunger
a - Magic Dart            Conj           ##..         8%          1    None
b - Blink                 Tloc           N/A          12%         2    None
c - Call Imp              Summ           #.......     12%         2    None
d - Mephitic Cloud        Conj/Pois/Air  #.......     30%         3    ###....
e - Conjure Flame         Conj/Fire      #.......     24%         3    ###....


Dungeon Overview and Level Annotations

Branches:
Dungeon (2/15)

Altars:
Dithmenos
Vehumet
Xom


Message History

* * * LOW HITPOINT WARNING * * *
You are lethally poisoned!
The adder poisons you!
* * * LOW HITPOINT WARNING * * *
You feel sick.
Drink which item? (? for menu, Esc to quit)
You feel protected.
It was a potion of resistance.
* * * LOW HITPOINT WARNING * * *
You feel sick. The adder misses you. The adder closely misses you.
* * * LOW HITPOINT WARNING * * *
You feel sick.
Drink which item? (? for menu, Esc to quit)
It has a very clean taste.
It was a potion of cure mutation.
The adder closely misses you. The adder closely misses you.
Drink which item? (? for menu, Esc to quit)
You fade into invisibility!
It was a potion of invisibility.
The adder barely misses you.
You die...

#.########.......%....#
#.########.#.###......#
#.#...>....#.# #......#
#####.#.####.....#
####.#.# ##.......#
#.#.### #.#.#
####.##...#.## #.#...
..#.. .............#
#S##### #.# ..
##.####......# #.# #.#
### ##.# #.......# #@#
#..
##.###.......###.######
###
###.##................#
#
##.#..._.#.###.......h
# ##.....ยง#.# ######..
# ##.#####.# # #.# #.#
# #.# #.# ######.# #<#


You could see an adder.

Vanquished Creatures
  An adder (D:1)
  A worm (D:2)
  A goblin (D:1)
  4 hobgoblins
  A jackal (D:2)
  5 bats
  3 giant cockroaches
  3 giant newts (D:1)
  2 kobolds (D:1)
  4 rats
25 creatures vanquished.

Vanquished Creatures (collateral kills)
  2 jackals (D:2)
2 creatures vanquished.

Grand Total: 27 creatures vanquished

Notes
Turn   | Place    | Note
--------------------------------------------------------------
     0 | D:1      | Huymann, the High Elf Wizard, began the quest for the Orb.
     0 | D:1      | Reached XP level 1. HP: 11/11 MP: 5/5
   514 | D:1      | Reached skill level 4 in Spellcasting
   605 | D:1      | Reached XP level 2. HP: 17/17 MP: 6/8
  1267 | D:2      | Found a shimmering altar of Xom.
  1275 | D:2      | Found a radiant altar of Vehumet.
  1281 | D:2      | Became a worshipper of Vehumet
  1492 | D:2      | Found a shadowy altar of Dithmenos.
  1518 | D:1      | Reached XP level 3. HP: 14/21 MP: 0/11
  1752 | D:2      | Learned a level 2 spell: Blink
  1755 | D:2      | Learned a level 2 spell: Call Imp
  1759 | D:2      | Learned a level 3 spell: Mephitic Cloud
  1763 | D:2      | Learned a level 3 spell: Conjure Flame
  1847 | D:2      | HP: 1/21 [adder (4)]
  1858 | D:2      | HP: 1/21 [poisoned by an adder]
  1864 | D:2      | Succumbed to an adder's poison

Action                   || total
-------------------------++-------
Melee: Unarmed           ||    11
 Cast: Magic Dart        ||    83
       Call Imp          ||     4
  Use: Potion            ||     5
  Eat: Chunk             ||     3
